 Dungeon Crawl Stone Soup version 0.29.1-15-g9cfb28693d (webtiles) character file.

Game seed: 453677951719474759

5832 Anriel the Basher (level 10, 0/75 (81) HPs)
             Began as a Minotaur Fighter on Mar 3, 2023.
             Was a Believer of Okawaru.
             Slain by a two-headed ogre
             ... wielding a +0 giant club
              (15 damage)
             ... on level 8 of the Dungeon.
             The game lasted 00:38:26 (8058 turns).

Anriel the Basher (Minotaur Fighter)                Turns: 8058, Time: 00:38:27

HP:   0/75 (81)     AC: 15    Str: 32    XL:     10   Next: 51%
MP:   0/21          EV:  9    Int:  5    God:    Okawaru [**....]
Gold: 558           SH:  0    Dex:  9    Spells: 9/9 levels left

rFire   . . .      SeeInvis .   v - +2 dire flail (holy)
rCold   . . .      Faith    .   (shield currently unavailable)
rNeg    . . .      Spirit   +   w - +0 chain mail
rPois   .          Reflect  .   n - +2 hat
rElec   .          Harm     .   s - +0 cloak
rCorr   .          Rampage  .   (no gloves)
Will    .....                   (no boots)
Stlth   ..........              m - amulet of guardian spirit
HPRegen 0.22/turn               y - +6 ring of strength
MPRegen 0.17/turn               g - ring of magical power

@: drained
A: horns 2, retaliatory headbutt
a: Renounce Religion, Heroism


You were on level 8 of the Dungeon.
You worshipped Okawaru.
Okawaru was pleased with you.
You visited 2 branches of the dungeon, and saw 9 of its levels.
You also visited: Bailey.

You collected 558 gold pieces.

Inventory:

Hand Weapons
 a - a +0 flail
 j - a +0 sling of flaming
 v - a +2 dire flail of holy wrath (weapon)
Missiles
 k - a throwing net (quivered)
 q - 4 boomerangs
Armour
 c - a +1 buckler
 n - a +2 hat (worn)
 s - a +0 cloak (worn)
 w - a +0 chain mail (worn)
Jewellery
 g - a ring of magical power (right hand)
 h - a +6 ring of dexterity
 m - an amulet of guardian spirit (around neck)
 o - an amulet of faith
 r - a +6 ring of dexterity
 y - a +6 ring of strength (left hand)
 G - an amulet of the acrobat
Wands
 p - a wand of light (4)
 C - a wand of mindburst (8)
Scrolls
 b - a scroll of immolation
 t - a scroll of magic mapping
 E - a scroll of blinking
Potions
 d - 2 potions of haste
 e - 2 potions of lignification {unknown}
 f - a potion of heal wounds
 i - a potion of curing
 l - 4 potions of brilliance
 u - 2 potions of flight {unknown}
 x - 3 potions of mutation {unknown}
 z - a potion of degeneration {unknown}
 A - 4 potions of magic {unknown}
 B - 2 potions of cancellation {unknown}
 D - 2 potions of might
 F - 4 potions of resistance {unknown}


   Skills:
 + Level 5.1 Fighting
 - Level 10.0 Maces & Flails
 - Level 5.0 Ranged Weapons
 - Level 10.0 Armour
 + Level 8.0 Shields
 - Level 5.0 Invocations
 - Level 5.0 Evocations


You had 9 spell levels left.
You didn't know any spells.
Your spell library contained the following spells:

 Spells                   Type           Power      Damage    Failure   Level
 Apportation              Tloc           0%         N/A       89%         1
 Slow                     Hex            0%         N/A       89%         1
 Confusing Touch          Hex            0%         N/A       99%         3
 Stone Arrow              Conj/Erth      0%         3d7       99%         3
 Vampiric Draining        Necr           0%         2d6       99%         3
 Alistair's Intoxication  Tmut/Pois      0%         N/A       100%        5
 Lehudib's Crystal Spear  Conj/Erth      0%         10d2      100%        8
 Animate Armour           Summ/Erth      Unusable   N/A       N/A         4

Dungeon Overview and Level Annotations

Branches:
Dungeon (8/15)             Temple (1/1) D:4          Bailey (visited)
   Lair: D:8-11

Altars:
Ashenzari
Cheibriados
Dithmenos
Elyvilon
Fedhas
Gozag
Hepliaklqana
Kikubaaqudgha
Makhleb
Okawaru
Qazlal
Ru
Sif Muna
Trog
Vehumet
Wu Jian
Xom
Zin

Annotations:
D:7 2 transporters, Agnarh's ghost, novice NaVM


Innate Abilities, Weirdness & Mutations

You have a pair of horns on your head.
You reflexively headbutt those who attack you in melee.


Message History

Aiming: Mindburst
Press: ? - help, Shift-Dir - straight line, f - two-headed ogre
Aim: a two-headed ogre, wielding a +0 giant club and a +0 giant spiked club (chance to affect: 67%)
The two-headed ogre's minds are blasted!
Aiming: Mindburst
Press: ? - help, Shift-Dir - straight line, f/p - two-headed ogre
Aim: a two-headed ogre, wielding a +0 giant club and a +0 giant spiked club (moderately wounded, chance to affect: 67%)
The two-headed ogre's minds are blasted!!
You barely miss the two-headed ogre.
You headbutt the two-headed ogre, but do no damage.
The two-headed ogre is heavily wounded.
The two-headed ogre hits you with a +0 giant club!
The two-headed ogre hits you with a +0 giant spiked club.
The orc wizard gestures wildly while chanting.
The orc wizard flickers and vanishes!
Deactivating autopickup; reactivate with Ctrl-A.
You feel much better.
The two-headed ogre hits you with a +0 giant club!!
The two-headed ogre hits you but does no damage.
You hit the two-headed ogre but do no damage.
The two-headed ogre is heavily wounded.
You closely miss the two-headed ogre.
The two-headed ogre is heavily wounded.
The two-headed ogre hits you with a +0 giant club!!
* * * LOW HITPOINT WARNING * * *
The two-headed ogre barely misses you.
You feel much better.
You puncture the two-headed ogre!
The two-headed ogre is almost dead.
The two-headed ogre hits you with a +0 giant club!
The two-headed ogre hits you with a +0 giant spiked club!!
* * * LOW HITPOINT WARNING * * *
Okay, then.
You feel much better.
You hit the two-headed ogre.
The two-headed ogre is almost dead.
The two-headed ogre hits you with a +0 giant club!!
* * * LOW HITPOINT WARNING * * *
The two-headed ogre hits you with a +0 giant spiked club!
You die...

# #
#################################
g.......††))){gO@†/........>.....
##).....##################..#####
##......# #....# ##......#
########.##.#
##......#***#####......#.##.#####
###.......,,.............##......
...........,....#......####.#####
..............,,#......####.#####
...###......,,,,#......#.........


You could see a two-headed ogre and a gnoll.

Vanquished Creatures
  An orc knight (Bailey)
  Joseph (D:8)
  Grinder (D:3)
  Prince Ribbit (D:5)
  Sigmund (D:4)
  Eustachio (D:5)
  Edmund (D:4)
  2 water moccasins
  2 black bears
  2 ice beasts
  2 sky beasts
  2 ogres
  4 centaurs
  A phantom (D:5)
  A kobold brigand (D:7)
  3 bullfrogs (D:7)
  2 gnoll sergeants
  A necrophage (D:6)
  3 scorpions
  7 wights
  15 killer bees
  4 howler monkeys
  A jelly (D:2)
  3 hounds
  10 orc priests
  A gnoll bouda (D:5)
  Ijyb (D:3)
  An iguana (D:6)
  Natasha (thrice) (D:3)
  3 orc wizards
  29 gnolls
  7 adders
  3 white imps
  An ufetubus (D:6)
  A dart slug (D:2)
  41 orcs
  12 endoplasms
  A giant cockroach (D:4)
  10 hobgoblins
  3 jackals (D:3)
  4 quokkas
  6 ball pythons
  7 bats
  5 frilled lizards
  10 goblins
  20 kobolds
  7 rats
248 creatures vanquished.

Vanquished Creatures (others)
  3 fungi (D:2)
  7 toadstools (D:2)
10 creatures vanquished.

Grand Total: 258 creatures vanquished

Notes
Turn   | Place    | Note
-------+----------+-------------------------------------------
     0 | D:1      | Anriel the Minotaur Fighter began the quest for the Orb.
     0 | D:1      | Reached XP level 1. HP: 19/19 MP: 0/0
   136 | D:1      | Reached XP level 2. HP: 23/27 MP: 1/1
  1023 | D:2      | Reached XP level 3. HP: 32/34 MP: 2/2
  1064 | D:2      | Reached XP level 4. HP: 31/41 MP: 3/3
  1347 | D:2      | Reached skill level 5 in Fighting
  1987 | D:3      | Found a shimmering blue altar of Sif Muna.
  2017 | D:3      | Noticed Grinder
  2028 | D:3      | Killed Grinder
  2029 | D:3      | Reached skill level 5 in Maces & Flails
  2029 | D:3      | Reached skill level 5 in Armour
  2029 | D:3      | Reached XP level 5. HP: 27/48 MP: 4/4
  2029 | D:3      | Reached XP level 6. HP: 32/56 MP: 5/5
  2473 | D:3      | Noticed Ijyb
  2494 | D:3      | Killed Ijyb
  2863 | D:3      | Noticed Natasha
  2876 | D:3      | Killed Natasha
  3092 | D:3      | Noticed Natasha
  3098 | D:3      | Killed Natasha
  3273 | D:3      | Noticed Natasha
  3281 | D:3      | Killed Natasha
  3282 | D:3      | Reached skill level 5 in Shields
  3282 | D:3      | Reached XP level 7. HP: 52/61 MP: 6/6
  3599 | D:4      | Found a staircase to the Ecumenical Temple.
  3606 | Temple   | Entered the Ecumenical Temple
  3903 | D:4      | Reached skill level 1 in Ranged Weapons
  4068 | D:4      | Noticed Sigmund
  4080 | D:4      | Killed Sigmund
  4099 | D:4      | Noticed Edmund
  4110 | D:4      | Killed Edmund
  4409 | D:5      | Entered Level 5 of the Dungeon
  4422 | D:5      | Reached XP level 8. HP: 65/68 MP: 7/7
  4476 | D:5      | Noticed Eustachio
  4503 | D:5      | Killed Eustachio
  4573 | D:5      | Reached skill level 5 in Ranged Weapons
  4584 | D:5      | Noticed Prince Ribbit
  4650 | D:5      | Killed Prince Ribbit
  5109 | D:5      | Reached skill level 10 in Maces & Flails
  5178 | D:5      | Reached skill level 1 in Evocations
  5185 | D:5      | Reached XP level 9. HP: 66/74 MP: 8/8
  5585 | D:6      | Found a stormy altar of Qazlal.
  5585 | D:6      | Found a blossoming altar of Fedhas.
  5585 | D:6      | Found a white marble altar of Elyvilon.
  6167 | D:6      | Found an iron altar of Okawaru.
  6168 | D:6      | Found a shadowy altar of Dithmenos.
  6171 | D:6      | Found a sacrificial altar of Ru.
  6172 | D:6      | Found a radiant altar of Vehumet.
  6182 | D:6      | Found a hazy altar of Hepliaklqana.
  6185 | D:6      | Found an ancient bone altar of Kikubaaqudgha.
  6187 | D:6      | Found a glowing silver altar of Zin.
  6226 | D:6      | Became a worshipper of Warmaster Okawaru
  6305 | D:7      | Found an opulent altar of Gozag.
  6410 | D:7      | Reached skill level 5 in Evocations
  6424 | D:7      | Reached skill level 1 in Invocations
  6435 | D:7      | Reached skill level 10 in Armour
  6642 | D:7      | Found a transporter.
  6643 | D:7      | Noticed Agnarh's ghost (novice NaVM)
  6647 | D:7      | Noticed a boulder beetle
  6729 | D:7      | Found a transporter.
  6802 | D:7      | Reached XP level 10. HP: 78/81 MP: 10/10
  6870 | D:7      | Reached * piety under Okawaru
  7204 | D:8      | Found a flagged portal.
  7217 | Bailey   | Entered a bailey
  7429 | Bailey   | Noticed an orc knight
  7449 | Bailey   | Killed an orc knight
  7813 | D:8      | Noticed Joseph
  7851 | D:8      | Killed Joseph
  7993 | D:8      | Reached ** piety under Okawaru
  8030 | D:8      | Reached skill level 5 in Invocations
  8036 | D:8      | Noticed a two-headed ogre
  8058 | D:8      | Slain by a two-headed ogre

Illustrated notes

Levels and vault maps discovered:
D:1:      wander_arrival_chamber, layout_basic, minmay_misc_feat_rows
D:2:      cheibrodos_fertilizer, layout_basic
D:3:      layout_basic, nicolae_sif_muna_condensation, st_stairs_9,
          uniq_grinder, uniq_ijyb, uniq_natasha
D:4:      layout_basic, minmay_temple_entry_tees, sigmund_edmund_badplayer
D:5:      layout_cave_pods, uniq_prince_ribbit1, uniq_eustachio, uniq_sigmund
D:6:      layout_rooms, nicolae_overflow_hallway_of_the_gods,
          serial_corexii_hall, corexii_hall_statues_i, chequers_hall_statues_y,
          grunt_decor_mini_mirrors
D:7:      layout_loops_cross, nicolae_gozag_seed_capital, gammafunk_ghost_arena
D:8:      layout_basic, nicolae_tso_besieged_by_evil, enter_bailey_3,
          ebering_ghost_gozag, uniq_joseph
Temple:   nicolae_temple_ecumenical_triangle

Skill      XL: |  1  2  3  4  5  6  7  8  9 10 |
---------------+-------------------------------+-----
Fighting       | 4 5 |  5.1
Maces & Flails | 3 4 5 6 8 10 | 10.0
Armour         | 5 7 10 | 10.0
Shields        | 5 8 |  8.0
Ranged Weapons | 3 5 |  5.0
Evocations     | 1 5 |  5.0
Invocations    | 2 5 |  5.0

Action                   |  1- 3 |  4- 6 |  7- 9 | 10-12 || total
-------------------------+-------+-------+-------+-------++-------
Melee: Flail             |    75 |   136 |    54 |       ||   265
       Headbutt          |     7 |    17 |    28 |    18 ||    70
       Dire flail        |       |       |   230 |   152 ||   382
Throw: Throwing net      |       |       |     1 |       ||     1
Invok: Heroism           |       |       |       |     1 ||     1
Evoke: Wand              |       |       |       |     5 ||     5
  Use: Scroll            |     4 |     2 |     7 |     3 ||    16
       Potion            |       |     2 |     3 |     8 ||    13
 Stab: Held in net/web   |       |       |     1 |       ||     1
Armor: Scale mail        |    21 |    49 |    12 |       ||    82
       Chain mail        |       |       |   132 |    62 ||   194
Dodge: Dodged            |    27 |    49 |   120 |    77 ||   273
Block: Buckler           |    13 |    47 |    12 |       ||    72
